 Dungeon Crawl Stone Soup version 0.20.1-1-g8b1a95d (webtiles) character file.

152 polve the Slasher (level 5, 0/34 HPs)
             Began as a Tengu Berserker on Aug 16, 2017.
             Was a Believer of Trog.
             Succumbed to a kobold's poison
             ... on level 3 of the Dungeon on Aug 17, 2017.
             The game lasted 00:02:13 (2106 turns).

polve the Slasher (Tengu Berserker)                 Turns: 2106, Time: 00:02:14

Health: 0/34       AC:  5    Str: 17    XL:     5   Next: 34%
Magic:  6/6        EV: 11    Int: 13    God:    Trog [**....]
Gold:   112        SH:  0    Dex: 14    Spells: 4/4 levels left

rFire    . . .     SeeInvis .   a - +0 falchion
rCold    . . .     Gourm    .   (no shield)
rNeg     . . .     Faith    .   l - +0 ring mail
rPois    .         Spirit   .   (helmet restricted)
rElec    .         Reflect  .   (no cloak)
rCorr    .         Harm     .   (no gloves)
MR       .....                  (boots unavailable)
Stlth    +.........             (no amulet)
Regen    0.2/turn               (no ring)
MPRegen  0.1/turn               (no ring)

@: brilliant, lethally poisoned (0 -> -2), berserk cooldown, slowed, very slow
A: beak, talons 3, able to fly 1
a: Fly, Berserk, Trog's Hand, Burn Spellbooks, Renounce Religion


You were on level 3 of the Dungeon.
You worshipped Trog.
Trog was pleased with you.
You were not hungry.

You visited 1 branch of the dungeon, and saw 3 of its levels.

You collected 112 gold pieces.

Inventory:

Hand Weapons
 a - a +0 falchion (weapon)
Armour
 l - a +0 ring mail (worn)
Scrolls
 b - a scroll of blinking {unknown}
 e - 4 scrolls of teleportation {unknown}
 j - a scroll of remove curse {unknown}
 m - 2 scrolls of identify {unknown}
 o - a scroll of amnesia {unknown}
Potions
 g - a potion of brilliance
 h - 2 potions of curing {unknown}
 i - a potion of haste {unknown}
 k - a potion of ambrosia {unknown}
Comestibles
 c - 2 bread rations
 d - 2 royal jellies
 f - 3 chunks of flesh
 n - a meat ration


   Skills:
 + Level 4.5 Fighting
 + Level 5.2 Long Blades
 - Level 2.1 Armour
 - Level 2.1 Dodging


You had 4 spell levels left.
You didn't know any spells.

Dungeon Overview and Level Annotations

Branches:
Dungeon (3/15)

Altars:


Innate Abilities, Weirdness & Mutations

You have a beak for a mouth.
You have claws for feet.
You can fly.


Message History

Things that are here:
2 poisoned needles; a whip; a gnoll corpse You closely miss the kobold.
You claw the kobold.
You kill the kobold!
Trog accepts your kill.
You are no longer berserk.
You are exhausted.
You feel yourself slow down.
You feel sick. The kobold barely misses you.
Things that are here:
a blowgun; an uncursed short sword; 7 poisoned needles You hit the kobold.
The kobold is moderately wounded.
The kobold hits you but does no damage. The kobold hits you with a short sword.
* * * LOW HITPOINT WARNING * * *
You completely miss the kobold.
The kobold is moderately wounded.
The kobold hits you but does no damage.
It was a potion of brilliance.
You feel clever all of a sudden.
You die...

... .. ..
.###### .. ..#
#. #)#######
####K##)(......
#....@(########
#..)...##
#.....(<#
#....$..#
###.#...(.
#..###### ##.
##


You could see a kobold.

Vanquished Creatures
  Terence (D:2)
  4 gnolls (D:3)
  3 adders (D:2)
  An ooze (D:2)
  3 worms
  2 leopard geckos
  8 bats
  A giant cockroach (D:1)
  12 goblins
  4 hobgoblins
  3 kobolds
  4 frilled lizards (D:1)
  4 rats
50 creatures vanquished.

Notes
Turn   | Place    | Note
-------+----------+-------------------------------------------
     0 | D:1      | polve the Tengu Berserker began the quest for the Orb.
     0 | D:1      | Reached XP level 1. HP: 14/14 MP: 2/2
   290 | D:1      | Reached XP level 2. HP: 17/19 MP: 3/3
   841 | D:1      | Reached skill level 4 in Long Blades
   999 | D:1      | Reached XP level 3. HP: 23/23 MP: 4/4
  1371 | D:2      | Reached ** piety under Trog
  1522 | D:2      | Noticed Terence
  1529 | D:2      | Killed Terence
  1529 | D:2      | Reached XP level 4. HP: 27/29 MP: 5/5
  2093 | D:3      | Reached skill level 5 in Long Blades
  2093 | D:3      | Gained mutation: You can fly. [Tengu growth]
  2093 | D:3      | Reached XP level 5. HP: 25/33 MP: 6/6
  2104 | D:3      | HP: 1/34 [kobold/short sword (3)]
  2106 | D:3      | Succumbed to a kobold's poison

Skill      XL: |  1  2  3  4 |
---------------+-------------+-----
Long Blades    | 4 5 |  5.2
Fighting       | 4 |  4.5
Armour         | |  2.1
Dodging        | |  2.1

Action                   |  1- 3 |  4- 6 || total
-------------------------+-------+-------++-------
Melee: Falchion          |    59 |    43 ||   102
       Peck              |    13 |     2 ||    15
       Kick              |     9 |    16 ||    25
Invok: Berserk           |     1 |     1 ||     2
  Use: Potion            |       |     1 ||     1
 Stab: Sleeping          |     1 |       ||     1
  Eat: Chunk             |     2 |     3 ||     5
Armor: Animal skin       |    12 |     1 ||    13
       Ring mail         |       |    17 ||    17
Dodge: Dodged            |    24 |    32 ||    56
       Rpst.: Falchion   |     7 |    11 ||    18
